 Dungeon Crawl Stone Soup version 0.27-a0-448-gace5c5693b (webtiles) character file.

Game seed: 7359461814993542975

104 pokeman the Magician (level 4, -7/25 HPs)
             Began as a Deep Elf Hedge Wizard on Feb 28, 2021.
             Killed by miscasting Mephitic Cloud (13 damage)
             ... on level 2 of the Dungeon.
             The game lasted 00:05:15 (3481 turns).

pokeman the Magician (Deep Elf Hedge Wizard)        Turns: 3481, Time: 00:05:16

Health: -7/25      AC:  4    Str:  7    XL:     4   Next: 52%
Magic:  1/13       EV: 12    Int: 20    God:
Gold:   107        SH:  5    Dex: 14    Spells: 3/14 levels left

rFire    . . .     SeeInvis .   a - +0 dagger
rCold    . . .     Faith    .   (no shield)
rNeg     . . .     Spirit   .   i - +0 leather armour
rPois    .         Reflect  +   c - +0 hat
rElec    .         Harm     .   h - +0 cloak
rCorr    .         Rampage  .   (no gloves)
Will     .....                  (no boots)
Stlth    ++........             o - amulet of reflection
HPRegen  0.08/turn              (no ring)
MPRegen  0.13/turn              (no ring)

@: very slightly contaminated
A: no striking features
a: no special abilities


You were on level 2 of the Dungeon.
You visited 1 branch of the dungeon, and saw 2 of its levels.

You collected 107 gold pieces.

Inventory:

Hand Weapons
 a - a +0 dagger (weapon)
Missiles
 j - 29 bolts
Armour
 c - a +0 hat (worn)
 h - a +0 cloak (worn)
 i - a +0 leather armour (worn)
Jewellery
 o - an amulet of reflection (around neck)
Wands
 l - a wand of polymorph (9)
Scrolls
 e - a scroll of fear {unknown}
 f - 2 scrolls of identify {unknown}
 g - 2 scrolls of teleportation {unknown}
 k - a scroll of enchant armour {unknown}
 n - a scroll of immolation {unknown}
Potions
 b - 2 potions of berserk rage {unknown}
 d - a potion of curing {unknown}
 m - 2 potions of brilliance {unknown}


   Skills:
 - Level 1.0 Fighting
 + Level 1.2 Armour
 + Level 2.8 Dodging
 - Level 2.4 Stealth
 * Level 5.7 Spellcasting
 + Level 2.3 Conjurations
 - Level 1.1 Summonings
 - Level 1.1 Translocations


You had 3 spell levels left.
You knew the following spells:

 Your Spells              Type           Power        Failure   Level
a - Magic Dart            Conj           60%          6%          1
b - Mephitic Cloud        Conj/Pois/Air  8%           34%         3
c - Call Imp              Summ           10%          16%         2
d - Blink                 Tloc           N/A          16%         2
e - Conjure Flame         Conj/Fire      10%          28%         3

Your spell library contained the following spells:

 Spells                   Type           Power        Failure   Level
 Slow                     Hex            5%           24%         2


Dungeon Overview and Level Annotations

Branches:
Dungeon (2/15)

Altars:


Message History

Casting: Magic Dart (safe; 6% risk of failure)
Confirm with . or Enter, or press ? or * to list all spells.
Aiming: Magic Dart (safe; 6% risk of failure)
Press: ? - help, Shift-Dir - straight line, f/p - orc priest
Aim: an orc priest, wielding a +0 hand axe and wearing a +0 ring mail (moderately wounded, 0% to evade)
The magic dart hits the orc priest but does no damage.
The orc priest is moderately wounded.
The orc priest mumbles some strange prayers to Beogh against you.
Beogh smites you!
* * * LOW HITPOINT WARNING * * *
Casting: Magic Dart (safe; 6% risk of failure)
Confirm with . or Enter, or press ? or * to list all spells.
Aiming: Magic Dart (safe; 6% risk of failure)
Press: ? - help, Shift-Dir - straight line, f/p - orc priest
Aim: an orc priest, wielding a +0 hand axe and wearing a +0 ring mail (moderately wounded, 0% to evade)
Okay, then.
Unknown command.
Casting: Magic Dart (safe; 6% risk of failure)
Confirm with . or Enter, or press ? or * to list all spells.
The spell is extremely dangerous to cast (34% risk of failure)!
Continue anyway?
Okay, then.
Casting: Mephitic Cloud (extremely dangerous; 34% risk of failure)
Confirm with . or Enter, or press ? or * to list all spells.
The spell is extremely dangerous to cast (34% risk of failure)!
Continue anyway?
Aiming: Mephitic Cloud (extremely dangerous; 34% risk of failure)
Press: ? - help, Shift-Dir - straight line, f/p - orc priest
Aim: an orc priest, wielding a +0 hand axe and wearing a +0 ring mail (moderately wounded, chance to affect: 86%)
You miscast Mephitic Cloud.
You are very lightly contaminated with residual magic.
Nothing appears to happen.
Casting: Mephitic Cloud (extremely dangerous; 34% risk of failure)
Confirm with . or Enter, or press ? or * to list all spells.
The spell is extremely dangerous to cast (34% risk of failure)!
Continue anyway?
Aiming: Mephitic Cloud (extremely dangerous; 34% risk of failure)
Press: ? - help, Shift-Dir - straight line, f/p - orc priest
Aim: an orc priest, wielding a +0 hand axe and wearing a +0 ring mail (moderately wounded, chance to affect: 86%)
You miscast Mephitic Cloud.
A wave of violent energy washes through your body!
Ouch! That really hurt!
You die...

#.#####.# #..o..#
#.o.#)..# ##55.##
###.#o### ##.##
#..)# #.# ##.## #.#
#.# ##'## #.#
##..o##
#.##########.....##
#.@.o....##.......#
#.....##.#.........
#........'.........
#......#.#.........
##.#.#.#.##.......#
#.......###.....##
#####.### ##...##
###.#######'##
#.......# #.#


You could see an orc priest.

Vanquished Creatures
  A worker ant (D:2)
  An adder (D:2)
  An ooze (D:1)
  A worm (D:2)
  5 dart slugs
  A leopard gecko (D:1)
  4 orcs (D:2)
  3 giant cockroaches
  8 hobgoblins
  4 kobolds
  A quokka (D:2)
  4 bats
  A frilled lizard (D:2)
  6 goblins
  4 rats (D:1)
45 creatures vanquished.

Vanquished Creatures (collateral kills)
  2 orcs
2 creatures vanquished.

Grand Total: 47 creatures vanquished

Notes
Turn   | Place    | Note
-------+----------+-------------------------------------------
     0 | D:1      | pokeman the Deep Elf Hedge Wizard began the quest for the
                  | Orb.
     0 | D:1      | Reached XP level 1. HP: 10/10 MP: 7/7
   356 | D:1      | Reached XP level 2. HP: 15/15 MP: 7/9
   776 | D:1      | Reached skill level 5 in Spellcasting
  1108 | D:1      | Reached XP level 3. HP: 20/20 MP: 9/11
  1127 | D:1      | Learned a level 3 spell: Mephitic Cloud
  1130 | D:1      | Learned a level 2 spell: Call Imp
  1133 | D:1      | Learned a level 2 spell: Blink
  1137 | D:1      | Learned a level 3 spell: Conjure Flame
  1608 | D:2      | Reached skill level 1 in Fighting
  1728 | D:2      | Reached skill level 1 in Armour
  2145 | D:2      | Reached XP level 4. HP: 25/25 MP: 4/13
  3481 | D:2      | Killed by miscasting Mephitic Cloud

Illustrated notes

Levels and vault maps discovered:
D:1:      minmay_arrival_checkered_box, layout_basic
D:2:      layout_loops_corners

Skill      XL: |  1  2  3 |
---------------+----------+-----
Spellcasting   | 5 |  5.7
Fighting       | 1 |  1.0
Armour         | 1 |  1.2
Conjurations   | 2 |  2.3
Dodging        | |  2.8
Stealth        | |  2.4
Summonings     | |  1.1
Translocations | |  1.1

Action                   |  1- 3 |  4- 6 || total
-------------------------+-------+-------++-------
Melee: Dagger            |       |     9 ||     9
 Cast: Magic Dart        |   104 |    48 ||   152
       Call Imp          |       |     6 ||     6
       Mephitic Cloud    |       |     3 ||     3
       Conjure Flame     |       |     1 ||     1
 Stab: Confused          |       |     1 ||     1
Armor: Leather armour    |     4 |       ||     4
       Robe              |     1 |       ||     1
Dodge: Dodged            |    14 |    12 ||    26
Block: Other             |       |     2 ||     2

Table legend: (Time is in decaauts)
 A = Elapsed time spent in this place.
 B = Non-inter-level travel time spent in this place.
 C = Inter-level travel time spent in this place.
 D = Time resting spent in this place.
 E = Time spent auto-exploring this place.
 F = Levels seen in this place.
 G = Mean time per level.
                   A        B        C        D        E       F      G
               +--------+--------+--------+--------+--------+-----+--------+
         Total |   3481 |   3408 |     73 |    311 |   2692 |   2 | 1740.5 |
       Dungeon |   3481 |   3408 |     73 |    311 |   2692 |   2 | 1740.5 |
               +--------+--------+--------+--------+--------+-----+--------+

Top non-repeatable levels by time:
     D:2: 1909 daAuts
     D:1: 1572 daAuts
